 Dungeon Crawl Stone Soup version 0.29.1-1-gd02db6906a (webtiles) character file.

Game seed: 6131621642712121663

7101 hawla the Basher (level 10, -2/91 HPs)
             Began as a Minotaur Berserker on Oct 12, 2022.
             Was an Elder of Trog.
             Slain by an orc warrior
             ... wielding a +0 glaive
              (22 damage)
             ... in a bailey.
             The game lasted 00:19:03 (9969 turns).

hawla the Basher (Minotaur Berserker)               Turns: 9969, Time: 00:19:05

Health: -2/91      AC: 21    Str: 23    XL:     10   Next: 84%
Magic:  3/3        EV: 16    Int:  5    God:    Trog [****..]
Gold:   672        SH:  0    Dex: 14    Spells: 9/9 levels left

rFire   . . .      SeeInvis .   C - +2 dire flail (antimagic)
rCold   . . .      Faith    .   (shield currently unavailable)
rNeg    . . .      Spirit   .   p - +0 plate armour
rPois   .          Reflect  .   (helmet unavailable)
rElec   .          Harm     .   i - +0 cloak
rCorr   .          Rampage  .   b - +0 pair of gloves
Will    .....                   m - +0 pair of boots
Stlth   ..........              (no amulet)
HPRegen 0.25/turn               n - +4 ring of evasion
MPRegen 0.08/turn               w - +4 ring of evasion

@: no status effects
A: horns 3, retaliatory headbutt, iridescent scales 1, agile 1, wild magic 1
a: Renounce Religion, Berserk, Trog's Hand, Brothers in Arms


You were in a bailey.
You worshipped Trog.
Trog was greatly pleased with you.
You visited 1 branch of the dungeon, and saw 10 of its levels.
You also visited: Bailey.

You collected 672 gold pieces.

Inventory:

Hand Weapons
 C - a +2 antimagic dire flail (weapon)
Armour
 b - a +0 pair of gloves (worn)
 i - a +0 cloak (worn)
 m - a +0 pair of boots (worn)
 p - a +0 plate armour (worn)
Jewellery
 n - a +4 ring of evasion (left hand)
 t - a ring of resist corrosion
 w - a +4 ring of evasion (right hand)
 z - a +6 ring of dexterity
Wands
 g - a wand of polymorph (6)
 s - a wand of flame (7) (quivered)
 v - a wand of paralysis (5)
 A - a wand of iceblast (6)
Scrolls
 a - a scroll of identify
 c - a scroll of brand weapon {unknown}
 d - 3 scrolls of poison
 f - a scroll of fear {unknown}
 j - 2 scrolls of blinking {unknown}
 l - 2 scrolls of enchant armour {unknown}
 r - a scroll of amnesia {unknown}
 y - a scroll of magic mapping {unknown}
Potions
 e - a potion of haste {unknown}
 h - 2 potions of magic
 k - 3 potions of berserk rage
 o - 3 potions of curing
 B - a potion of cancellation


   Skills:
 + Level 9.4 Fighting
 - Level 14.0 Maces & Flails
 + Level 11.0 Armour
 + Level 3.6 Dodging
 - Level 1.1 Stealth
 + Level 2.0 Evocations


You had 9 spell levels left.
You didn't know any spells.
Your spell library was empty.

Dungeon Overview and Level Annotations

Branches:
Dungeon (10/15)            Temple (0/1) D:6             Orc (0/2) D:10
 Bailey (1/1)
   Lair: D:8-11

Altars:
Elyvilon
Vehumet

Shops:
D:3 :

Annotations:
Bailey 2 runed translucent doors


Innate Abilities, Weirdness & Mutations

You have a pair of large horns on your head.
You reflexively headbutt those who attack you in melee.
You are partially covered in iridescent scales. (AC +2)
You are agile. (Dex +4, Str/Int -1)
Your spells are a little harder to cast, but a little more powerful.


Message History

The orc knight closely misses you.
You thump the orc knight!
The orc knight is moderately wounded.
The orc warrior hits you with a +0 halberd!
The orc knight hits you but does no damage.
You hit the orc knight but do no damage.
The orc knight is moderately wounded.
You puncture the orc knight! Your headbutt misses the orc knight.
The orc knight is heavily wounded.
The orc warrior barely misses you. You furiously retaliate!
You headbutt the orc warrior!
The orc knight roars a battlecry!
You puncture the orc knight!
The orc knight is severely wounded.
The orc warrior hits you with a +0 halberd.
The orc warrior closely misses you. The orc knight closely misses you.
You furiously retaliate!
You headbutt the orc knight. You puncture the orc knight!
You headbutt the orc knight.
The orc knight is almost dead.
You barely miss the orc knight. Your headbutt misses the orc knight.
The orc knight is almost dead.
The orc warrior hits you with a +0 halberd!
An orc comes into view. It is wielding a +0 spear.
The orc warrior barely misses you. The orc knight misses you.
You bludgeon the orc knight!!
You kill the orc knight!
Trog accepts your kill.
Your Armour skill increases to level 11!
Your Evocations skill increases to level 2!
You closely miss the orc warrior.
The orc warrior is heavily wounded.
The orc warrior hits you with a +0 halberd!!
The orc warrior barely misses you.
You closely miss the orc warrior.
The orc warrior is heavily wounded.
The orc hits you from afar with a +0 trident.
The orc warrior hits you with a +0 halberd!!
* * * LOW HITPOINT WARNING * * *
The orc warrior hits you from afar with a +0 glaive!!
You die...

### $.#### .....
.o #.o. ... #oo#
#++# #).##....
#@o#..... #.)#..#
#.)#..# #..#??=[?
# #..##)$$[ .#
#..########..#
##...8....8...#
###......).......
##.#..####''####.


You could see 2 orc warriors and 2 orcs.

Vanquished Creatures
  Erolcha (D:9)
  An orc knight (Bailey)
  A gargoyle (D:10)
  Maggie (D:7)
  A troll (D:9)
  A hornet (D:7)
  5 yaks (D:8)
  2 water moccasins (D:8)
  Duvessa (D:6)
  5 orc warriors
  A black bear (D:5)
  An ice beast (D:7)
  A sky beast (D:7)
  3 centaurs
  A phantom (D:5)
  4 kobold brigands
  2 bullfrogs
  2 necrophages
  3 scorpions
  8 wights
  17 killer bees
  Dowan (D:6)
  3 electric eels (D:10)
  A jelly (D:4)
  4 hounds (D:6)
  A gnoll bouda (D:6)
  An orc priest (D:5)
  Crazy Yiuf (D:3)
  Ijyb (D:3)
  6 iguanas
  Natasha (thrice) (D:2)
  7 orc wizards
  14 gnolls
  3 adders
  2 white imps
  5 ufetubi
  A dart slug (D:3)
  33 orcs
  A bat (D:1)
  7 endoplasms
  2 giant cockroaches (D:2)
  6 goblins
  4 hobgoblins
  5 jackals
  27 kobolds
  3 quokkas
  3 ball pythons
  A frilled lizard (D:2)
  5 rats
213 creatures vanquished.

Notes
Turn   | Place    | Note
-------+----------+-------------------------------------------
     0 | D:1      | hawla the Minotaur Berserker began the quest for the Orb.
     0 | D:1      | Reached XP level 1. HP: 19/19 MP: 0/0
   143 | D:1      | Reached XP level 2. HP: 21/27 MP: 1/1
   279 | D:1      | Reached skill level 4 in Maces & Flails
   938 | D:2      | Noticed Natasha
   950 | D:2      | Killed Natasha
   951 | D:2      | Reached XP level 3. HP: 13/34 MP: 2/2
  1020 | D:2      | Noticed Natasha
  1038 | D:2      | Killed Natasha
  1039 | D:2      | Reached XP level 4. HP: 29/41 MP: 3/3
  1413 | D:2      | Reached skill level 5 in Maces & Flails
  1461 | D:2      | Noticed Natasha
  1469 | D:2      | Killed Natasha
  1961 | D:3      | Reached XP level 5. HP: 47/47 MP: 4/4
  1992 | D:3      | Found Quitubau's Book Shoppe.
  2052 | D:3      | Noticed Ijyb
  2071 | D:3      | Killed Ijyb
  2328 | D:3      | Found a runed translucent door.
  2329 | D:3      | Noticed Crazy Yiuf
  2620 | D:3      | Killed Crazy Yiuf
  2621 | D:3      | Reached skill level 6 in Maces & Flails
  2876 | D:4      | Reached ** piety under Trog
  2996 | D:4      | Reached XP level 6. HP: 53/53 MP: 5/5
  3791 | D:5      | Entered Level 5 of the Dungeon
  3804 | D:5      | Reached skill level 5 in Fighting
  3808 | D:5      | Reached skill level 1 in Stealth
  3884 | D:5      | Noticed an orc warrior
  3902 | D:5      | HP: 2/56 [orc warrior/+0 morningstar (7)]
  3906 | D:5      | Killed an orc warrior
  3907 | D:5      | Reached skill level 7 in Maces & Flails
  3907 | D:5      | Reached skill level 5 in Armour
  3907 | D:5      | Reached XP level 7. HP: 9/61 MP: 6/6
  4590 | D:5      | Reached skill level 8 in Maces & Flails
  5432 | D:6      | Gained mutation: You are partially covered in iridescent
                  | scales. (AC +2) [potion of mutation]
  5432 | D:6      | Gained mutation: You are agile. (Dex +4, Str/Int -1)
                  | [potion of mutation]
  5432 | D:6      | Gained mutation: Your spells are a little harder to cast,
                  | but a little more powerful. [potion of mutation]
  5432 | D:6      | Gained mutation: You have a pair of large horns on your
                  | head. [potion of mutation]
  5491 | D:6      | Reached XP level 8. HP: 68/70 MP: 7/7
  5519 | D:6      | Found a staircase to the Ecumenical Temple.
  5636 | D:6      | Reached *** piety under Trog
  5637 | D:6      | Reached skill level 9 in Maces & Flails
  6083 | D:6      | Found a white marble altar of Elyvilon.
  6088 | D:6      | Found a radiant altar of Vehumet.
  6213 | D:7      | Noticed Duvessa
  6213 | D:7      | Noticed Dowan
  6229 | D:6      | Killed Dowan
  6236 | D:6      | Killed Duvessa
  6465 | D:7      | Reached skill level 10 in Maces & Flails
  6551 | D:7      | Noticed a hornet
  6559 | D:7      | Killed a hornet
  6560 | D:7      | Reached XP level 9. HP: 68/78 MP: 8/8
  6762 | D:7      | Noticed Maggie
  6776 | D:7      | Killed Maggie
  6777 | D:7      | Reached skill level 11 in Maces & Flails
  7299 | D:8      | Reached **** piety under Trog
  7300 | D:8      | Reached skill level 12 in Maces & Flails
  7520 | D:8      | Reached skill level 1 in Evocations
  7673 | D:8      | Reached XP level 10. HP: 82/88 MP: 9/9
  8289 | D:9      | Reached skill level 13 in Maces & Flails
  8464 | D:9      | Identified the +1 flail of the Shark {pain, rC++ rN+ Str-4}
  8629 | D:9      | Noticed Erolcha
  8650 | D:9      | HP: 2/88 [something/iceblast (19)]
  9292 | D:9      | Killed Erolcha
  9293 | D:9      | Reached skill level 10 in Armour
  9623 | D:10     | Entered Level 10 of the Dungeon
  9646 | D:10     | Found a staircase to the Orcish Mines.
  9788 | D:10     | Noticed a gargoyle
  9816 | D:10     | Killed a gargoyle
  9817 | D:10     | Reached skill level 14 in Maces & Flails
  9889 | D:10     | Found a flagged portal.
  9898 | Bailey   | Entered a bailey
  9948 | Bailey   | Found a large runed translucent door.
  9948 | Bailey   | Found a large runed translucent door.
  9949 | Bailey   | Noticed an orc knight
  9949 | Bailey   | Noticed a deep elf pyromancer
  9967 | Bailey   | Killed an orc knight
  9969 | Bailey   | Slain by an orc warrior

Illustrated notes

Levels and vault maps discovered:
D:1:      sevenhm_arrival_forest_fort_large_2, layout_rooms
D:2:      layout_basic, uniq_natasha
D:3:      layout_basic, serial_shops, nicolae_shop_stone, minivault_11,
          corexii_item_surrounded_by_moat, uniq_crazy_yiuf_cottage, uniq_ijyb
D:4:      layout_basic, dk_noncrumbling_2
D:5:      layout_layer_cave, nrook_mini_vaults
D:6:      wad_pebble_path, layout_loops_ring, mainiacjoe_overflow_big_doors,
          minmay_temple_entry_overgrown, dreamdust_gnoll_farm
D:7:      layout_rooms, serial_glass, glass_columns_a, glass_columns_a,
          uniq_duvessa, uniq_maggie
D:8:      layout_basic
D:9:      layout_cave_pods, uniq_erolcha
D:10:     minmay_bloctagon, layout_basic, david_lair_shrubbed, orc_david_3,
          enter_bailey_2, uniq_fannar
Bailey:   bailey_polearm_elven_captive_hellmonk, bailey

Skill      XL: |  1  2  3  4  5  6  7  8  9 10 |
---------------+-------------------------------+-----
Fighting       | 4 5 6 7 9 |  9.4
Maces & Flails | 4 5 6 7 8 10 12 14 | 14.0
Dodging        | 3 |  3.6
Armour         | 3 5 7 8 9 11 | 11.0
Stealth        | 1 |  1.1
Evocations     | 1 2 |  2.0

Action                   |  1- 3 |  4- 6 |  7- 9 | 10-12 || total
-------------------------+-------+-------+-------+-------++-------
Melee: Mace              |    44 |   156 |   273 |     1 ||   474
       Headbutt          |     4 |    24 |    64 |    28 ||   120
       Unarmed           |     3 |       |       |       ||     3
       Punch             |       |     1 |     3 |       ||     4
       Dire flail        |       |       |       |   155 ||   155
Invok: Berserk           |     1 |     1 |       |       ||     2
Evoke: Wand              |       |     1 |     4 |    12 ||    17
  Use: Potion            |     1 |     1 |     1 |     2 ||     5
       Scroll            |       |     6 |     5 |     7 ||    18
Armor: Ring mail         |    12 |     8 |       |       ||    20
       Skin              |     7 |     2 |       |       ||     9
       Plate armour      |       |    83 |   213 |    79 ||   375
Dodge: Dodged            |    25 |    98 |   223 |   118 ||   464
